 Dungeon Crawl Stone Soup version 0.29.0-11-gd7f09526c8 (webtiles) character file.

Game seed: 9147894178915583920

16 smilodon the Trooper (level 2, -3/24 HPs)
             Began as a Demonspawn Fighter on Sept 6, 2022.
             Slain by a gnoll
             ... wielding a +0 flail
              (5 damage)
             ... on level 1 of the Dungeon.
             The game lasted 00:00:48 (278 turns).

smilodon the Trooper (Demonspawn Fighter)            Turns: 278, Time: 00:00:49

Health: -3/24      AC:  7    Str: 16    XL:     2   Next: 37%
Magic:  2/2        EV:  8    Int:  9    God:
Gold:   31         SH:  4    Dex: 12    Spells: 1/1 levels left

rFire   . . .      SeeInvis .   f - +2 short sword (speed)
rCold   . . .      Faith    .   c - +0 buckler
rNeg    . . .      Spirit   .   b - +0 scale mail
rPois   .          Reflect  .   (no helmet)
rElec   .          Harm     .   (no cloak)
rCorr   .          Rampage  .   h - +0 pair of gloves
Will    .....                   (no boots)
Stlth   ..........              (no amulet)
HPRegen 0.08/turn               (no ring)
MPRegen 0.08/turn               (no ring)

@: no status effects
A: powered by death 1
a: no special abilities


You were on level 1 of the Dungeon.
You visited 1 branch of the dungeon, and saw 1 of its levels.

You collected 31 gold pieces.

Inventory:

Hand Weapons
 a - a +0 trident
 f - a +2 short sword of speed (weapon)
Armour
 b - a +0 scale mail (worn)
 c - a +0 buckler (worn)
 h - a +0 pair of gloves (worn)
Scrolls
 e - 2 scrolls of identify
 g - a scroll of enchant armour
Potions
 d - a potion of might


   Skills:
 + Level 3.2 Fighting
 + Level 0.5 Short Blades
 - Level 1.8 Polearms
 + Level 2.9 Armour
 + Level 2.9 Shields


You had one spell level left.
You didn't know any spells.
Your spell library was empty.

Dungeon Overview and Level Annotations

Branches:
Dungeon (1/15)

Altars:


Innate Abilities, Weirdness & Mutations

You regenerate a little health from kills.


Message History

A gnoll comes into view. It is wielding a +0 flail.
The gnoll shouts!
You hear a shout!
A gnoll is nearby!
A gnoll is nearby!
A kobold comes into view. It is wielding a +0 short sword.
The kobold shouts!
You barely miss the gnoll. The gnoll closely misses you.
You completely miss the gnoll. You block the gnoll's attack.
You hit the gnoll.
The gnoll is moderately wounded.
You block the gnoll's attack.
You barely miss the gnoll.
The gnoll is moderately wounded.
You barely miss the gnoll.
The gnoll is moderately wounded.
The gnoll hits you with a +0 flail!
You hit the gnoll.
The gnoll is heavily wounded.
You block the gnoll's attack.
You hit the gnoll but do no damage.
The gnoll is heavily wounded.
The gnoll hits you with a +0 flail. You block the kobold's attack.
You hit the gnoll.
The gnoll is heavily wounded.
You hit the gnoll but do no damage.
The gnoll is heavily wounded.
The gnoll hits you with a +0 flail!
* * * LOW HITPOINT WARNING * * *
The kobold completely misses you.
There are monsters nearby!
There are monsters nearby!
The gnoll attacks as you move away! The gnoll hits you with a +0 flail.
* * * LOW HITPOINT WARNING * * *
A frilled lizard comes into view.
Okay, then.
As you read the scroll labelled DAICWO TI RASCH, it crumbles to dust.
It is a scroll of identify.
g - a scroll of enchant armour The gnoll hits you with a +0 flail.
You die...

#.########.# #.# #.#
#.######.
#....†.....#####.###.###.#
#.
#####†...................#
##.
#.##################.#####..
#.# ................).. #.#
.....##.###.#...... #.#
###.###.# #.#.##... #.#
.###.###.##..# ... ##... #..
.l.....@...#.# ###. #.#. ###
.###!###g.###.. ###### #K#.#
#.# #...........#..#
........###.# ## #..
......#.# .# ..# ......... .
# #...##... # #... ... ###


You could see a gnoll, a kobold and a frilled lizard.

Vanquished Creatures
  A ball python (D:1)
  An endoplasm (D:1)
  A giant cockroach (D:1)
  3 goblins (D:1)
  A hobgoblin (D:1)
  A kobold (D:1)
  4 bats (D:1)
  2 rats (D:1)
14 creatures vanquished.

Notes
Turn   | Place    | Note
-------+----------+-------------------------------------------
     0 | D:1      | smilodon the Demonspawn Fighter began the quest for the
                  | Orb.
     0 | D:1      | Reached XP level 1. HP: 18/18 MP: 1/1
   163 | D:1      | Gained mutation: You regenerate a little health from kills.
                  | [demonic ancestry]
   163 | D:1      | Reached XP level 2. HP: 24/24 MP: 2/2
   278 | D:1      | Slain by a gnoll

Illustrated notes

Levels and vault maps discovered:
D:1:      minmay_arrival_split_and_join, layout_loops_ring

Action                   || total
-------------------------++-------
Melee: Short sword       ||    39
       Trident           ||     9
  Use: Scroll            ||     1
Armor: Scale mail        ||    21
Dodge: Dodged            ||    16
Block: Buckler           ||    11
